 Dungeon Crawl Stone Soup version 0.28-a0-932-g843f935a50 (webtiles) character file.

Game seed: 13370635722176981602

45 croobank the Skirmisher (level 3, 0/42 HPs)
             Began as an Octopode Wanderer on Nov 28, 2021.
             Slain by a hobgoblin (2 damage)
             ... led by Robin
             ... on level 2 of the Dungeon.
             The game lasted 00:03:42 (1037 turns).

croobank the Skirmisher (Octopode Wanderer)         Turns: 1037, Time: 00:03:42

Health: 0/42       AC: 21    Str: 14    XL:     3   Next: 64%
Magic:  3/3        EV:  2    Int: 12    God:
Gold:   41         SH:  0    Dex: 11    Spells: 2/2 levels left

rFire   . . .      SeeInvis .   a - +2 falchion
rCold   . . .      Faith    .   (no shield)
rNeg    . . .      Spirit   .   (helmet currently unavailable)
rPois   +          Reflect  .   (no amulet)
rElec   .          Harm     .   (no ring)
rCorr   .          Rampage  .   (no ring)
Will    .....      NoTele   +   (no ring)
Stlth   ++........              (no ring)
HPRegen 0.14/turn               (no ring)
MPRegen 0.08/turn               (no ring)
                                (no ring)
                                (no ring)

@: tree-form (expiring), attractive
A: stationary, stasis, torment immunity, boosted hp, almost no armour,
(amphibious), 8 rings, (camouflage 1), (gelatinous body 1), (nimble swimmer 1),
(tentacles)
a: no special abilities


You were on level 2 of the Dungeon.
You were a tree.
You visited 1 branch of the dungeon, and saw 2 of its levels.

You collected 41 gold pieces.

Inventory:

Hand Weapons
 a - a +2 falchion (weapon)
 d - a +0 mace
Missiles
 c - 54 stones (quivered)
Potions
 b - a potion of lignification


   Skills:
 + Level 4.8 Fighting
 + Level 2.3 Long Blades
 + Level 1.0 Throwing
 + Level 1.5 Dodging
 + Level 2.0 Stealth
 + Level 1.1 Evocations


You had 2 spell levels left.
You didn't know any spells.
Your spell library was empty.

Dungeon Overview and Level Annotations

Branches:
Dungeon (2/15)

Altars:


Innate Abilities, Weirdness & Mutations

You are a tree.
Your roots penetrate the ground, keeping you stationary.
You cannot be teleported.
You are immune to unholy pain and torment.
Your maximum health is greatly increased.
You cannot wear most types of armour.
((You are amphibious.))
You can wear up to eight rings at the same time.
((Your skin changes colour to match your surroundings (Stealth+).))
((Your rubbery body absorbs attacks. (AC +1, EV +1)))
((You are camouflaged near water. (Stealth+)))
((You have tentacles for arms and can constrict up to eight enemies at once.))


Message History

The goblin hits you but does no damage.
The hobgoblin hits you but does no damage.
The goblin hits you but does no damage. The hobgoblin hits you.
* * * LOW HITPOINT WARNING * * *
The goblin hits you but does no damage. x4
The hobgoblin completely misses you.
You hit the goblin.
You kill the goblin!
Your transformation is almost over.
The hobgoblin no longer looks unusually strong.
The goblin no longer looks unusually strong.
The hobgoblin no longer looks unusually strong.
The goblin hits you but does no damage.
The hobgoblin hits you but does no damage.
The goblin hits you but does no damage. The goblin barely misses you.
The goblin hits you but does no damage. x2
The hobgoblin hits you but does no damage.
The goblin hits you with a +0 dagger.
* * * LOW HITPOINT WARNING * * *
The hobgoblin hits you but does no damage.
You barely miss the hobgoblin.
The hobgoblin no longer looks unusually strong.
The goblin hits you but does no damage. x3; The goblin barely misses you.
The hobgoblin hits you but does no damage.
The goblin hits you but does no damage.
The hobgoblin hits you but does no damage.
The hobgoblin barely misses you. The goblin hits you but does no damage.
You hit the hobgoblin.
You kill the hobgoblin!
The goblin hits you but does no damage. The goblin barely misses you.
The goblin hits you with a +0 dagger.
* * * LOW HITPOINT WARNING * * *
The goblin hits you but does no damage. The hobgoblin completely misses you.
The goblin hits you but does no damage. The hobgoblin is attracted toward you.
Your Stealth skill increases to level 2!
You barely miss the goblin.
The goblin hits you but does no damage. x3
The goblin barely misses you.
The hobgoblin hits you but does no damage. x2
The hobgoblin hits you.
You die...

#########
#..ggg..#
#.§g♣g..#
#..ggg..#
#.......#
#.......#
#.......#
#.......#
#.##.##.#
.. ..# .#


You could see 3 hobgoblins and 5 goblins.

Vanquished Creatures
  Robin (D:2)
  An endoplasm (D:1)
  4 giant cockroaches (D:1)
  5 goblins
  7 hobgoblins
  2 quokkas (D:1)
  5 ball pythons (D:1)
  2 kobolds (D:1)
  4 rats (D:1)
31 creatures vanquished.

Notes
Turn   | Place    | Note
-------+----------+-------------------------------------------
     0 | D:1      | croobank the Octopode Wanderer began the quest for the Orb.
     0 | D:1      | croobank set off with the following items: a +2 falchion, 2
                  | potions of lignification
     0 | D:1      | Reached XP level 1. HP: 17/17 MP: 1/1
   187 | D:1      | Reached XP level 2. HP: 23/23 MP: 2/2
   611 | D:1      | Reached XP level 3. HP: 25/27 MP: 3/3
  1015 | D:2      | Noticed Robin
  1033 | D:2      | Killed Robin
  1036 | D:2      | HP: 1/42 [goblin[Robin] (2)]
  1037 | D:2      | Slain by a hobgoblin

Illustrated notes

Levels and vault maps discovered:
D:1:      minmay_arrival_wavy_path, layout_loops_cross
D:2:      layout_loops_cross, uniq_robin

Skill      XL: |  1  2  3 |
---------------+----------+-----
Stealth        | 2 |  2.0
Fighting       | |  4.8
Long Blades    | |  2.3
Throwing       | |  1.0
Dodging        | |  1.5
Evocations     | |  1.1

Action                   || total
-------------------------++-------
Melee: Falchion          ||    61
       Constrict         ||     8
       Tentacles         ||     5
  Use: Potion            ||     2
 Stab: Sleeping          ||     8
Armor: Skin              ||   121
Dodge: Dodged            ||    42

Table legend: (Time is in decaauts)
 A = Elapsed time spent in this place.
 B = Non-inter-level travel time spent in this place.
 C = Inter-level travel time spent in this place.
 D = Time resting spent in this place.
 E = Time spent auto-exploring this place.
 F = Levels seen in this place.
 G = Mean time per level.
                   A        B        C        D        E       F      G
               +--------+--------+--------+--------+--------+-----+--------+
         Total |   1048 |    988 |     60 |      0 |    794 |   2 |  524.0 |
       Dungeon |   1048 |    988 |     60 |      0 |    794 |   2 |  524.0 |
               +--------+--------+--------+--------+--------+-----+--------+

Top non-repeatable levels by time:
     D:1: 1023 daAuts
     D:2: 25 daAuts
